Map: Dusk Towers

Players

Rinka

  • Race: Protoss Protoss
  • League: Grandmaster

HateMe - Winner!

  • Race: Zerg Zerg
  • League: Platinum

Event: DreamHack ZOWIE Open Leipzig

VOD

Have the link to the VOD?

Description

Time

  • Played on: Jan. 22, 2016, 8:48 a.m.
  • Length: 19:36

All games in this series

Show
View Real Time Build Order
Export as new Build Order

Rinka Protoss 

Build Orders: 1 Gate Expand 

Get SALT Encoding   

  12  0:01  Probe (Chrono Boost)  
  13  0:11  Probe (Chrono Boost)  
  14  0:18  Pylon  
  14  0:22  Probe (Chrono Boost)  
  15  0:36  Probe (Chrono Boost)  
  15  0:37  Gateway  
  16  0:47  Probe (Chrono Boost)  
  17  0:58  Probe (Chrono Boost)  
  17  0:59  Assimilator  
  18  1:08  Probe (Chrono Boost)  
  19  1:22  Nexus  
  19  1:24  Probe (Chrono Boost)  
  20  1:35  Probe (Chrono Boost)  
  20  1:38  Cybernetics Core  
  21  1:44  Assimilator  
  21  1:46  Probe (Chrono Boost)  
  22  1:53  Pylon  
  22  1:56  Probe (Chrono Boost)  
  23  2:11  Probe (Chrono Boost)  
  23  2:14  Adept (Chrono Boost)  
  23  2:15  Warp Gate  
  26  2:22  Probe  
  27  2:24  Twilight Council  
  27  2:34  Probe x2 (Chrono Boost)  
  29  2:38  Adept (Chrono Boost)  
  31  2:45  Probe (Chrono Boost)  
  31  2:46  Probe (Chrono Boost)  
  33  2:56  Probe x2 (Chrono Boost)  
  35  3:00  Resonating Glaives  
  35  3:06  Probe (Chrono Boost)  
  35  3:07  Mothership Core (Chrono Boost)  
  38  3:17  Probe (Chrono Boost)  
  39  3:25  Probe (Chrono Boost)  
  38  3:27  Probe (Chrono Boost)  
  38  3:32  Gateway  
  38  3:33  Gateway  
  39  3:35  Pylon  
  39  3:36  Probe (Chrono Boost)  
  39  3:38  Probe (Chrono Boost)  
  39  3:39  Assimilator  
  39  3:40  Assimilator  
  41  3:47  Probe (Chrono Boost), Pylon  
  43  3:48  Probe (Chrono Boost)  
  43  3:57  Probe (Chrono Boost)  
  43  3:59  Probe (Chrono Boost)  
  45  4:08  Probe (Chrono Boost)  
  45  4:09  Probe (Chrono Boost)  
  47  4:12  Pylon  
  47  4:18  Probe (Chrono Boost)  
  47  4:20  Probe (Chrono Boost)  
  49  4:26  Adept x2  
  49  4:27  Adept  
  49  4:29  Probe (Chrono Boost)  
  49  4:30  Probe (Chrono Boost)  
  57  4:38  Pylon  
  57  4:39  Probe (Chrono Boost)  
  57  4:41  Nexus  
  57  4:42  Pylon  
  57  4:44  Probe (Chrono Boost)  
  59  4:47  Adept  
  59  4:48  Adept x2  
  66  4:53  Probe (Chrono Boost)  
  66  4:56  Probe (Chrono Boost)  
  66  4:58  Stargate  
  67  5:02  Stargate  
  67  5:07  Probe x2 (Chrono Boost)  
  69  5:08  Adept  
  71  5:20  Probe (Chrono Boost)  
  70  5:22  Probe (Chrono Boost)  
  70  5:27  Sentry  
  70  5:28  Sentry x2  
  75  5:31  Probe (Chrono Boost)  
  75  5:35  Probe (Chrono Boost)  
  71  5:45  Void Ray (Chrono Boost)  
  71  5:46  Void Ray (Chrono Boost)  
  71  5:49  Probe x2  
  77  5:53  Adept x2, Pylon  
  77  5:56  Adept, Pylon  
  83  5:58  Probe, Pylon  
  83  6:01  Probe  
  83  6:02  Pylon  
  85  6:10  Pylon, Assimilator  
  85  6:13  Adept x2  
  85  6:14  Assimilator  
  85  6:17  Adept  
  85  6:18  Probe  
  91  6:19  Probe x2  
  91  6:23  Robotics Facility  
  94  6:26  Phoenix (Chrono Boost)  
  94  6:29  Phoenix (Chrono Boost)  
  94  6:30  Probe  
  94  6:31  Probe x2  
  101  6:41  Twilight Council  
  101  6:44  Forge  
  101  6:50  Phoenix (Chrono Boost)  
  101  6:51  Phoenix (Chrono Boost)  
  101  6:53  Zealot  
  101  6:54  Zealot x2  
  111  7:02  Pylon  
  111  7:06  Charge (Chrono Boost)  
  111  7:10  Observer  
  111  7:11  Phoenix (Chrono Boost)  
  111  7:12  Phoenix (Chrono Boost)  
  116  7:20  Protoss Ground Weapons Level 1 (Chrono Boost)  
  116  7:25  Zealot  
  116  7:26  Immortal, Zealot  
  116  7:29  Pylon  
  120  7:32  Zealot  
  120  7:35  Phoenix x2  
  130  7:47  Templar Archives  
  130  7:49  Gateway, Nexus  
  130  7:51  Pylon  
  130  7:52  Zealot  
  132  8:00  Immortal  
  136  8:13  Zealot  
  136  8:14  Zealot x2  
  142  8:21  Gateway  
  142  8:23  Gateway  
  142  8:25  Gateway, Pylon  
  142  8:28  Pylon x2  
  142  8:32  Assimilator  
  142  8:37  Assimilator  
  142  8:39  Zealot  
  142  8:40  Zealot x2  
  142  8:41  Warp Prism  
  150  8:53  Zealot  
  152  9:01  Zealot  
  152  9:02  Zealot x2  
  152  9:14  Immortal (Chrono Boost)  
  152  9:23  Fleet Beacon  
  156  9:25  Stargate  
  156  9:26  Psionic Storm  
  156  9:33  High Templar x4  
  156  9:34  High Templar x2  
  156  9:36  Protoss Ground Weapons Level 2 (Chrono Boost)  
  168  9:40  Zealot  
  170  9:51  Dark Shrine  
  170  9:53  Pylon  
  170  9:56  Immortal (Chrono Boost)  
  174  10:05  Zealot  
  176  10:11  Zealot x4  
  180  10:20  Tempest x2 (Chrono Boost)  
  180  10:21  Tempest (Chrono Boost)  
  192  10:33  Immortal (Chrono Boost)  
  196  10:40  Protoss Air Weapons Level 1  
  196  10:49  High Templar x2  
  200  10:52  Archon  
  190  11:04  Tempest (Chrono Boost)  
  190  11:06  Tempest (Chrono Boost)  
  190  11:08  Tempest (Chrono Boost)  
  200  11:15  Photon Cannon  
  200  11:17  Photon Cannon  
  194  11:29  Nexus  
  179  11:40  Zealot x6  
  179  11:44  Observer  
  184  11:47  Photon Cannon  
  180  12:02  Protoss Ground Weapons Level 3 (Chrono Boost)  
  180  12:05  Observer  
  181  12:10  Dark Templar x2  
  181  12:11  Dark Templar, Zealot  
  181  12:12  Zealot x3  
  177  12:19  Tempest x2  
  177  12:24  Tempest  
  189  12:38  Observer  
  189  12:42  Zealot  
  189  12:43  Zealot x4  
  200  13:05  Pylon  
  200  13:08  Pylon  
  188  13:18  Tempest x2  
  144  13:23  Tempest  
  150  13:29  High Templar  
  150  13:30  High Templar x3  
  150  13:31  High Templar  
  160  13:36  Archon x2  
  160  13:43  Anion Pulse-Crystals  
  160  13:48  Photon Cannon  
  160  13:50  Carrier x2, Photon Cannon  
  160  13:51  Photon Cannon  
  160  13:54  High Templar x2  
  160  13:55  Photon Cannon  
  164  13:57  Assimilator  
  164  13:58  Archon  
  176  14:02  Assimilator  
  175  14:34  Oracle  
  178  14:42  Nexus  
  178  14:44  Pylon  
  178  14:46  Photon Cannon  
  178  14:47  Photon Cannon  
  178  14:48  Graviton Catapult  
  178  14:57  Observer  
  179  15:16  Carrier x2  
  179  15:17  Warp Prism  
  169  15:27  Carrier  
  153  15:53  Stalker x6  
  153  15:54  Stalker  
  133  16:27  High Templar x4  
  133  16:28  High Templar x2  
  145  16:35  Protoss Air Weapons Level 2  
  145  16:37  Stargate, Carrier x2 (Chrono Boost)  
  145  16:40  Immortal  
  161  16:49  Dark Templar  
  163  16:59  Dark Templar  
  165  17:03  Nexus  
  165  17:05  Pylon  
  165  17:11  Protoss Shields Level 1 (Chrono Boost)  
  165  17:13  Carrier (Chrono Boost)  
  165  17:22  Assimilator  
  165  17:25  Assimilator  
  165  17:29  Pylon  
  165  17:37  Zealot x6  
  165  17:38  Zealot  
  178  17:53  Pylon  
  178  17:55  Pylon  
  178  18:10  Carrier x2 (Chrono Boost)  
  186  18:22  Nexus  
  186  18:25  Probe x3  
  189  18:29  Phoenix (Chrono Boost)  
  189  18:31  Observer  
  172  19:25  Pylon  
  172  19:26  Pylon  
  172  19:29  Assimilator  
Show
View Real Time Build Order
Export as new Build Order

HateMe Zerg - Winner!

Build Orders: 3 Hatch before Pool, Lurkers 

Get SALT Encoding   

  12  0:01  Drone  
  13  0:12  Overlord  
  13  0:17  Drone  
  14  0:31  Drone x2  
  14  0:34  Drone  
  17  0:52  Hatchery  
  17  0:55  Drone  
  17  1:20  Hatchery  
  17  1:21  Drone  
  17  1:23  Drone  
  18  1:26  Drone  
  19  1:38  Extractor  
  18  1:40  Spawning Pool  
  18  1:43  Drone  
  19  1:47  Drone  
  20  1:54  Drone  
  20  2:04  Drone  
  20  2:05  Drone  
  22  2:15  Drone  
  23  2:16  Drone  
  24  2:27  Queen x2  
  28  2:31  Queen  
  30  2:37  Overlord  
  30  2:42  Metabolic Boost  
  30  2:45  Drone  
  30  2:47  Drone  
  33  2:51  Zergling x4  
  33  2:56  Overlord  
  33  2:58  Zergling x2  
  35  3:03  Zergling x4  
  37  3:09  Spore Crawler  
  36  3:18  Queen  
  39  3:24  Overlord  
  39  3:25  Drone  
  39  3:26  Drone x5  
  45  3:30  Drone  
  45  3:31  Drone  
  47  3:39  Drone x2  
  49  3:42  Drone  
  49  3:47  Drone x4  
  54  3:49  Extractor  
  54  3:50  Spore Crawler  
  52  3:57  Roach Warren  
  51  4:09  Drone x3  
  53  4:12  Drone x2  
  53  4:14  Drone x2, Spore Crawler  
  53  4:15  Overlord  
  53  4:16  Overlord  
  56  4:21  Overlord  
  56  4:28  Overlord  
  56  4:29  Overlord  
  56  4:41  Roach x2  
  56  4:44  Lair, Roach x2  
  64  4:47  Roach  
  64  4:50  Roach  
  68  4:55  Drone x8  
  76  5:00  Roach x2  
  76  5:02  Zergling x4  
  82  5:09  Zergling x6  
  85  5:18  Overlord  
  85  5:19  Drone  
  85  5:20  Drone x3  
  86  5:27  Drone x3  
  88  5:31  Drone x2  
  88  5:32  Drone  
  88  5:34  Extractor  
  88  5:36  Extractor  
  88  5:42  Drone x5  
  92  5:45  Drone  
  92  5:48  Extractor x2  
  92  5:49  Hydralisk Den  
  87  5:50  Evolution Chamber  
  87  5:51  Evolution Chamber, Drone x4  
  87  5:54  Queen  
  91  5:58  Overlord  
  91  5:59  Drone  
  91  6:00  Drone x3  
  91  6:03  Drone  
  96  6:07  Drone  
  96  6:08  Overseer  
  95  6:19  Zerg Missile Weapons Level 1, Glial Reconstitution, Zerg Ground Armor Level 1  
  95  6:23  Drone x3  
  98  6:35  Hatchery  
  98  6:37  Lurker Den  
  97  6:43  Hydralisk  
  97  6:44  Hydralisk x4  
  107  6:49  Spore Crawler, Overlord x2  
  107  6:50  Hydralisk x2  
  110  6:55  Hydralisk  
  110  7:01  Overlord  
  112  7:06  Overlord x2  
  112  7:10  Hydralisk x5  
  112  7:12  Drone  
  112  7:13  Drone x5  
  128  7:16  Overlord  
  128  7:20  Overlord  
  128  7:22  Hydralisk  
  130  7:23  Hydralisk  
  132  7:34  Spore Crawler  
  131  7:38  Drone x10  
  141  7:46  Extractor  
  141  7:47  Infestation Pit  
  141  7:48  Extractor  
  138  7:53  Zergling x4  
  138  7:55  Overseer  
  139  8:00  Drone x3  
  139  8:01  Drone x3  
  143  8:06  Overlord x2  
  143  8:07  Queen  
  143  8:10  Muscular Augments  
  143  8:11  Lurker x4  
  143  8:12  Lurker x2  
  149  8:24  Hive  
  149  8:25  Overseer  
  149  8:32  Spore Crawler  
  149  8:33  Lurker x2  
  149  8:35  Spore Crawler  
  149  8:37  Spore Crawler  
  143  8:45  Spine Crawler  
  143  8:46  Zerg Missile Weapons Level 2  
  142  8:50  Roach x10  
  142  8:51  Zergling x2  
  142  8:52  Zergling x30  
  178  8:56  Hatchery, Overseer  
  178  9:01  Roach x2  
  181  9:13  Zerg Ground Armor Level 2  
  181  9:16  Roach x5  
  191  9:19  Overlord  
  191  9:20  Overlord  
  191  9:34  Overlord x2  
  191  9:46  Viper x2  
  191  9:47  Spire  
  191  9:48  Viper  
  199  10:01  Spore Crawler  
  199  10:02  Spore Crawler  
  199  10:03  Spine Crawler x2  
  199  10:04  Spore Crawler  
  199  10:05  Drone x3, Spine Crawler  
  199  10:06  Spine Crawler  
  181  10:21  Hydralisk x3  
  181  10:22  Hydralisk x2  
  181  10:25  Hydralisk x2  
  181  10:26  Hydralisk x2  
  199  10:39  Spore Crawler  
  199  10:40  Spore Crawler  
  199  10:42  Spore Crawler x2  
  195  10:43  Spore Crawler  
  195  10:44  Lurker x4  
  195  10:45  Spore Crawler, Lurker x2  
  203  11:01  Greater Spire  
  203  11:03  Zerg Melee Weapons Level 1  
  200  11:14  Overseer x2  
  199  11:36  Corruptor  
  199  11:37  Corruptor x3  
  189  11:49  Corruptor  
  189  11:50  Corruptor x7  
  195  12:05  Extractor  
  186  12:09  Extractor  
  177  12:24  Drone x3  
  177  12:25  Drone x3  
  177  12:27  Drone x3  
  177  12:28  Corruptor  
  177  12:29  Corruptor x7  
  179  12:34  Zerg Flyer Weapons Level 1  
  185  12:43  Roach x7  
  193  13:15  Roach  
  193  13:16  Roach x8  
  193  13:19  Roach  
  197  13:26  Overlord x2  
  189  13:31  Brood Lord x2  
  189  13:32  Brood Lord  
  189  13:33  Brood Lord  
  197  13:44  Overseer  
  197  13:47  Brood Lord  
  197  13:49  Corruptor  
  197  13:50  Corruptor  
  199  14:09  Zerg Melee Weapons Level 2  
  199  14:10  Zerg Ground Armor Level 3  
  197  14:19  Brood Lord x2  
  197  14:20  Corruptor x7  
  191  14:27  Drone x3  
  191  14:28  Spore Crawler  
  191  14:29  Spore Crawler  
  191  14:30  Corruptor x2, Spine Crawler  
  191  14:31  Spore Crawler, Spine Crawler x3  
  187  14:32  Hatchery  
  184  14:38  Corruptor x2  
  184  14:43  Corruptor x2  
  190  14:50  Viper  
  193  15:04  Brood Lord  
  193  15:05  Brood Lord  
  190  15:29  Corruptor x5  
  163  15:50  Drone, Corruptor x8  
  163  15:56  Corruptor  
  156  16:07  Corruptor  
  156  16:08  Corruptor x2  
  156  16:09  Zergling x2  
  156  16:10  Zergling x40  
  156  16:11  Zergling x20  
  181  16:15  Corruptor  
  171  16:26  Hydralisk x4  
  171  16:27  Hydralisk  
  181  16:35  Hydralisk  
  181  16:36  Hydralisk x3  
  189  16:45  Viper  
  192  17:06  Drone x6  
  198  17:29  Adrenal Glands  
  198  17:33  Spore Crawler  
  198  17:34  Spine Crawler  
  196  17:38  Brood Lord  
  196  17:39  Brood Lord  
  200  17:49  Burrow  
  184  18:11  Viper x2  
  179  18:17  Corruptor  
  179  18:18  Corruptor x6  
  193  18:21  Extractor  
  193  18:23  Extractor  
  191  18:28  Hatchery  
  191  18:33  Corruptor  
  192  19:00  Drone  
  192  19:01  Drone x3, Corruptor x2  
  192  19:02  Spine Crawler  
  196  19:03  Spine Crawler  
  196  19:05  Spine Crawler  
  184  19:18  Zergling x2  
  184  19:19  Zergling x16  

Tags
 
Add a new tag
Caveats
  • Supply blocks, unpowered buildings, or Contaminate may cause inaccurate times.
  • Supply counts are checked every 10 seconds.